 Dungeon Crawl Stone Soup version 0.31.0-32-g396128a36d (webtiles) character file.

Game seed: 10194637935851885128

546431 ilwentz the Sorcerer (level 26, -2/165 HPs)
             Began as a Djinni Wanderer on Mar 9, 2024.
             Was the Champion of the Shining One.
             Killed from afar by a lich (79 damage)
             ... with a bolt of cold
             ... on level 1 of the Tomb of the Ancients on Mar 30, 2024.
             The game lasted 07:50:13 (67736 turns).

ilwentz the Sorcerer (Djinni Wanderer)             Turns: 67736, Time: 07:50:13

Health: -2/165     AC: 28    Str: 14    XL:     26   Next: 82%
Gold:   6271       EV: 17    Int: 36    God:    the Shining One [******] SH: 11 Dex: 19

rFire   + + +        c - +9 eudemon blade (holy)
rCold   x . .        t - +0 kite shield {reflect}
rNeg    + + +        v - +5 ring mail "Neaxia" {rF+ rC+ Dex+2 Slay+3}
rPois   ∞            u - +0 helmet
rElec   +            T - +2 cloak
rCorr   +            J - +2 pair of gloves {Str+3}
SInv    .            (boots unavailable)
Will    ++++.        f - amulet of regeneration
Stlth   +            K - ring of Xom's Fair Game {rC- Will++ rCorr Int+3 Dex+6}
HPRegen 1.27/turn    V - ring "Tisikus" {^Drain rElec rN+ rCorr Int+5}
MPRegen 0.00/turn

%: reflection, infuse magic (-3 HP)
@: ice-armoured, flying, glowing, studying Unarmed Combat
A: sickness immunity, fire resistance 2, cold vulnerability 1, float, innate
caster, HP casting, extra vitality 1, frail 1
}: 4/15 runes: decaying, serpentine, slimy, silver
a: Renounce Religion, Divine Shield, Cleansing Flame, Summon Divine Warrior


You were on level 1 of the Tomb of the Ancients.
You worshipped the Shining One.
The Shining One was exalted by your worship.
You visited 11 branches of the dungeon, and saw 48 of its levels.
You also visited: Ossuary, Bailey, Gauntlet and Volcano.

You collected 7930 gold pieces.
You spent 1659 gold pieces at shops.

Inventory:

Hand Weapons
 c - a +9 eudemon blade of holy wrath (weapon)
 P - the +10 war axe of Doom {venom, +Blink Fly Will++ Dex+2}
   (You took it off a meliai on level 12 of the Dungeon)

   Dex+2:     It affects your dexterity (+2).
   Will++:    It greatly increases your willpower.
   Fly:       It grants you flight.
   +Blink:    It lets you blink.
Armour
 t - a +0 kite shield of reflection (worn)
 u - a +0 helmet (worn)
 v - the +5 ring mail "Neaxia" (worn) {rF+ rC+ Dex+2 Slay+3}
   (You found it on level 4 of the Dungeon)

   Dex+2:     It affects your dexterity (+2).
   Slay+3:    It affects your accuracy & damage with ranged weapons and melee
   (+3).
   rF+:       It protects you from fire.
   rC+:       It protects you from cold.
 J - a +2 pair of gloves of strength (worn)
 T - a +2 cloak (worn)
Jewellery
 e - a +5 ring of evasion
 f - an amulet of regeneration (around neck)
 D - a ring of the Octopus King {Wiz HP+2 AC+2 EV+2 SH+2}
   (You bought it in a shop on level 2 of the Orcish Mines)

   [ring of wizardry]

   Wiz:       It improves your spell success rate.
   AC+2:      It affects your AC (+2).
   EV+2:      It affects your evasion (+2).
   HP+2:      It affects your health (+2).
   SH+2:      It affects your SH (+2).
 K - the ring of Xom's Fair Game (left hand) {rC- Will++ rCorr Int+3 Dex+6}
   (You found it on level 3 of the Crypt)

   [ring of dexterity]

   Int+3:     It affects your intelligence (+3).
   Dex+6:     It affects your dexterity (+6).
   rC-:       It makes you vulnerable to cold.
   Will++:    It greatly increases your willpower.
   rCorr:     It protects you from acid and corrosion.
 Q - a ring of protection from cold
 V - the ring "Tisikus" (right hand) {^Drain rElec rN+ rCorr Int+5}
   (You found it on level 3 of the Crypt)

   [ring of positive energy]

   Int+5:     It affects your intelligence (+5).
   rElec:     It insulates you from electricity.
   rN+:       It protects you from negative energy.
   rCorr:     It protects you from acid and corrosion.
   ^Drain:    It drains your maximum health when unequipped.
 W - a ring of willpower
Wands
 d - a wand of polymorph (35)
 C - a wand of charming (25)
 I - a wand of light (19)
 L - a wand of roots (66)
 M - a wand of digging (12)
 N - a wand of mindburst (45)
 R - a wand of flame (74)
Scrolls
 b - 9 scrolls of fog
 h - 7 scrolls of poison
 j - 17 scrolls of teleportation
 k - 4 scrolls of revelation
 n - 7 scrolls of blinking
 o - 3 scrolls of enchant weapon
 p - 7 scrolls of immolation
 q - 6 scrolls of summoning
 A - 19 scrolls of fear
 E - 7 scrolls of vulnerability
 S - 2 scrolls of enchant armour
 U - 2 scrolls of silence
Potions
 a - 5 potions of resistance
 g - 11 potions of mutation
 l - 21 potions of curing
 m - 8 potions of lignification
 r - 5 potions of berserk rage
 s - 7 potions of attraction
 w - 6 potions of heal wounds
 x - 2 potions of ambrosia
 B - 5 potions of brilliance
 F - 5 potions of enlightenment
 G - 9 potions of haste
 H - 5 potions of cancellation
 O - 11 potions of might
Miscellaneous
 y - a phantom mirror


   Skills:
 - Level 15.0 Fighting
 + Level 8.9 Long Blades
 - Level 5.8(7.3) Axes
 - Level 4.3(7.7) Maces & Flails
 - Level 4.9(8.1) Polearms
 - Level 8.7(9.9) Staves
 - Level 5.0 Armour
 - Level 13.7 Dodging
 + Level 7.7 Shields
 * Level 26.1 Spellcasting
 * Level 26.1 Conjurations
 * Level 26.1 Hexes
 * Level 26.1 Summonings
 * Level 26.1 Necromancy
 * Level 26.1 Translocations
 * Level 26.1 Fire Magic
 * Level 26.1 Ice Magic
 * Level 26.1 Air Magic
 * Level 26.1 Earth Magic
 * Level 26.1 Alchemy
 - Level 15.0 Invocations
 - Level 2.0 Evocations


You knew the following spells:

 Your Spells              Type           Power      Damage    Failure   Level
a - Freeze                Ice            100%       1d10      0%          1
b - Ozocubu's Armour      Ice            100%       N/A       0%          3
c - Stone Arrow           Conj/Erth      100%       3d13      0%          3
d - Foxfire               Conj/Fire      100%       2x1d9     0%          1
e - Hailstorm             Conj/Ice       100%       3d16      0%          3
f - Sting                 Conj/Alch      100%       1d9       0%          1
g - Mercury Vapours       Alch/Air       100%       N/A       0%          2
h - Jinxbite              Hex            100%       N/A       0%          2
i - Frozen Ramparts       Ice            100%       1d16      0%          3
j - Summon Lightning Spi  Summ/Air       100%       N/A       0%          4
k - Yara's Violent Unrav  Hex/Alch       62%        3d23      0%          5
l - Eringya's Noxious Bo  Alch           62%        4d6       0%          6
m - Bombard               Conj/Erth      62%        9d10      0%          6
n - Sculpt Simulacrum     Ice/Alch       62%        N/A       0%          6
o - Discord               Hex            62%        N/A       1%          8
p - Infestation           Necr           62%        N/A       1%          8
q - Ignition              Fire           62%        3d17      1%          8

Your spell library contained the following spells:

 Spells                   Type           Power      Damage    Failure   Level


Dungeon Overview and Level Annotations

Branches:
Dungeon (15/15)            Temple (1/1) D:4            Lair (5/5) D:11
  Swamp (4/4) Lair:2        Snake (4/4) Lair:2        Slime (5/5) Lair:4
    Orc (2/2) D:12            Elf (3/3) Orc:2        Vaults (5/5) D:14
  Crypt (3/3) Vaults:2       Tomb (1/3) Crypt:3      Depths (0/4) D:15
Ossuary (visited)          Bailey (visited)         Volcano (visited)
Gauntlet (visited)

Altars:
Ashenzari
Cheibriados
Dithmenos
Elyvilon
Fedhas
Gozag
Hepliaklqana
Makhleb
Nemelex Xobeh
Okawaru
Qazlal
Ru
Trog
Uskayaw
Wu Jian
Xom
Yredelemnul
Zin
The Shining One
Jiyva
Lugonu

Shops:
D:1 :   D:5 *   D:9 **   D:12 *   D:13 ?   Orc:2 (=**   Snake:1 ?   Snake:2 ?
Vaults:1 :   Vaults:2 [*

Portals:
Abyss: Lair:5

Annotations:
D:6 1 runed translucent door, Crazy Yiuf
Swamp:2 3 runed translucent doors, Nomoy's ghost, adept NaFi; booth's ghost, adept DsGl
Elf:2 2 transporters, Dungobob's ghost, journeyman MiFi
Vaults:1 3 runed translucent doors, Liamsmithers's ghost, journeyman MiGl
Vaults:4 1 runed translucent door


Innate Abilities, Weirdness & Mutations

You are immune to sickness and miasma.
You are immune to poison.
Your flesh is very heat resistant. (rF++)
You are vulnerable to cold. (rC-)
You float through the air rather than walking.
You learn spells naturally, not from books.
Your magical power is your life essence.
You have superior vitality. (+4 MHP)
You are frail. (-10% HP)


Message History

The royal mummy is almost destroyed.
Your lightning spire shoots out a bolt of lightning at the royal mummy!
The bolt of electricity hits the royal mummy!
The royal mummy resists.
You block the bennu's attack. The bennu claws you but does no damage.
The bennu claws you!
The royal mummy gestures wildly while chanting.
Casting: Bombard (safe; 0% risk of failure)
Confirm with . or Enter, or press ? or * to list all spells.
Aiming: Bombard (safe; 0% risk of failure)
Press: ? - help, Shift-Dir - straight line, f/p - royal mummy
Aim: a royal mummy (almost destroyed, not watching you, ally target, haloed, 93% to hit)
The iron shot hits the royal mummy!!!
You destroy the royal mummy!
The Shining One accepts your kill.
You feel better.
The death scarab disappears in a puff of smoke! x2
You feel extremely nervous for a moment...
Pain shoots through your body!
Your lightning spire shoots out a bolt of lightning at the bennu!
The bolt of electricity hits the bennu!
The bennu pecks you. You block the bennu's attack. The bennu barely misses you.
Casting: Bombard (safe; 0% risk of failure)
Confirm with . or Enter, or press ? or * to list all spells.
Casting: Ignition (mildly dangerous; 1% risk of failure)
Press: ? - help, Dir - look around, f - activate The air bursts into flame!
The fireball engulfs the bennu.
The bennu completely resists.
The bennu is lightly wounded.
The fireball engulfs the guardian mummy!!
The guardian mummy is heavily damaged.
The fireball engulfs the lich!!
The lich is heavily damaged.
You hear a shout!
The bennu misses you. The bennu barely misses you. The bennu claws you!
Your lightning spire shoots out a bolt of lightning at the bennu!
The bolt of electricity hits the bennu!
The bennu pecks you but does no damage. The bennu claws you! x2
The lich points at you and mumbles some strange words.
The bolt of cold hits you!!!!
You feel a terrible chill!
You die...

#.......#
#.8...8.#
#.......#
#.......#
#.8...8.#
#.......#
#.......#
#.8...8.#
#..b@...#
##'''''##
#.8.....#
...§....M..
.....8...8.....
.......L.......
######...######
#.^.#


You could see a lich (invisible), a bennu (ally target), a guardian mummy and a
friendly lightning spire (summoned).

Vanquished Creatures
  2 ancient liches
  Mara (Elf:3)
  Xtahua (Crypt:1)
  A royal mummy (Tomb:1)
  A golden dragon (Vaults:4)
  A bone dragon (Crypt:3)
  2 tentacled monstrosities (Vaults:5)
  Asterion (Orc:2)
  A deep elf blademaster (Elf:3)
  5 titans
  4 liches
  22 acid blobs
  Frances (D:13)
  7 sphinxes
  6 ancient champions (Crypt:3)
  2 thorn hunters
  Gastronok (Lair:2)
  Agnes (Elf:2)
  3 storm dragons
  2 shadow dragons (Vaults:5)
  10 rockslimes
  8 azure jellies
  3 revenants
  5 nagarajas
  2 fire giants (Vaults:5)
  10 vault wardens
  4 deep elf sorcerers (Elf:3)
  A deep elf elementalist (Elf:1)
  2 curse skulls (Crypt:2)
  11 ghouls
  A frost giant (Vaults:5)
  A reaper (Gauntlet)
  6 ironbound preservers
  10 quicksilver oozes
  3 stone giants
  3 caustic shrike skeletons (Crypt:3)
  2 ironbound thunderhulks
  10 deep elf death magi
  3 eleionomae
  Nessos (D:13)
  The ghost of jimmypageman the Fencer, a journeyman MiFi of Okawaru (Lair:1)
  4 deep elf annihilators
  7 vampire knights
  7 deep elf demonologists
  4 dire elephants (Vaults:1)
  5 war gargoyles
  A bunyip (Swamp:1)
  2 crystal guardians
  7 eidola
  A mummy priest (Crypt:3)
  An acid blob zombie (Crypt:3)
  6 ettins
  An ettin (shapeshifter) (Vaults:4)
  Josephine (D:14)
  A green death (Gauntlet)
  7 jiangshi
  An entropy weaver (Vaults:4)
  8 yaktaur captains
  7 great orbs of eyes
  2 deep elf high priests (Vaults:5)
  A shambling mangrove (Swamp:3)
  A catoblepas (Lair:4)
  3 peacekeepers
  Erolcha (D:10)
  14 hydras
  4 alligators
  2 salamander tyrants
  2 ogre magi
  12 vault guards
  A spriggan air mage (Swamp:1)
  A spriggan skeleton (Crypt:3)
  14 anacondas
  5 ironbound frosthearts
  15 two-headed ogres
  5 boulder beetles
  5 naga warriors
  6 centaur warriors
  28 dancing weapons
  A two-headed ogre (shapeshifter) (Elf:3)
  2 vampire magi
  A thrashing horror (Lair:5)
  A tengu warrior (D:15)
  An orc high priest (Elf:1)
  A hell knight (Volcano)
  14 naga sharpshooters
  13 deep elf knights
  2 sixfirhies (D:9)
  5 shock serpents
  3 skysharks
  3 titan skeletons (Crypt:3)
  A spectral death yak (Lair:1)
  2 shadow wraiths (Crypt:2)
  4 salamander mystics
  36 deep trolls
  5 goliath frogs
  49 skeletal warriors
  9 mana vipers
  2 flayed ghosts
  A golden dragon zombie (Crypt:3)
  8 sea snakes
  A death drake (Swamp:3)
  7 phantasmal warriors
  A glowing orange brain (Slime:2)
  2 anaconda skeletons
  11 ironbound convokers
  A tengu zombie (Vaults:1)
  4 naga ritualists
  3 arcanists
  9 bog bodies
  3 spriggan druids
  5 deep elf archers
  7 lindwurms
  4 necromancers
  2 orc knights
  3 large abominations (Lair:5)
  6 swamp dragons
  23 deep elf pyromancers
  A broodmother zombie (Crypt:3)
  2 golden dragon skeletons (Crypt:3)
  2 iron dragon zombies
  15 deep elf zephyrmancers
  A harpy (shapeshifter) (Elf:2)
  An orb spider (shapeshifter) (Vaults:2)
  An orc sorcerer (Orc:2)
  A frost giant zombie (Crypt:1)
  2 shining eyes
  2 eleionoma skeletons
  7 ugly things
  4 cyclopes
  7 will-o-the-wisps
  2 manticores (D:15)
  An iron dragon skeleton (Crypt:3)
  15 salamanders
  A kobold blastminer (Orc:1)
  9 elephants
  3 guardian serpents
  2 smoke demons
  A meliai (D:12)
  A moth of wrath (shapeshifter) (Vaults:2)
  15 naga magi
  A stone giant skeleton (Crypt:3)
  22 black mambas
  2 molten gargoyles
  2 centaur skeletons (Crypt:3)
  A cane toad (shapeshifter) (Lair:5)
  2 eyes of devastation
  11 cane toads
  10 vault sentinels
  3 unseen horrors
  A freezing wraith (Vaults:4)
  A kobold demonologist (D:13)
  A shock serpent skeleton (Crypt:2)
  A dire elephant skeleton (Crypt:3)
  10 komodo dragons
  2 rime drakes
  An ice devil (D:9)
  A yaktaur (shapeshifter) (Lair:5)
  2 pale draconian skeletons
  A hydra zombie (Crypt:1)
  21 yaktaurs
  A spectral naga (Snake:2)
  3 anaconda simulacra (Snake:2)
  A great orb of eyes zombie (Crypt:1)
  A troll (shapeshifter) (Lair:5)
  7 trolls
  A harpy zombie (Crypt:2)
  A sea snake skeleton (Snake:2)
  A red devil (D:9)
  2 polar bears
  4 tyrant leeches
  5 guardian mummies
  4 glass eyes (Slime:5)
  A raiju (Lair:5)
  7 hornets
  5 harpy skeletons (Crypt:3)
  A tengu simulacrum (Vaults:1)
  A saltling (Vaults:3)
  Prince Ribbit (Bailey)
  4 dream sheep (Lair:5)
  14 blink frogs
  A raiju (shapeshifter) (Lair:5)
  A guardian serpent skeleton (Snake:2)
  A spectral black mamba (Lair:1)
  118 slime creatures
  4 air elementals
  2 ynoxinuls
  Sigmund (D:2)
  3 water elementals
  7 spriggans
  10 wraiths
  2 ushabtiu (Tomb:1)
  3 shadows
  38 yaks
  A warg (Orc:1)
  4 fire bats (Volcano)
  3 wyverns
  2 hogs (D:13)
  12 humans
  A hog (shapeshifter) (D:15)
  13 basilisks
  2 steam dragons (D:8)
  An ettin skeleton (Crypt:3)
  A death yak simulacrum (Lair:5)
  2 fire elementals
  A neqoxec (D:9)
  11 vampire mosquitoes
  A sea snake simulacrum (Snake:2)
  21 nagas
  7 swamp worms
  A hydra simulacrum (Lair:1)
  5 small abominations (Lair:5)
  2 acid dragons
  Duvessa (D:5)
  8 water moccasins
  A spectral torpor snail (Lair:1)
  5 swamp drakes
  13 orc warriors
  2 boulder beetle simulacra (Lair:1)
  An ice beast (D:6)
  14 laughing skulls
  A sky beast (D:6)
  4 black bears
  21 ogres
  A swamp dragon zombie (Crypt:2)
  8 boggarts
  13 wolves
  3 centaurs
  A phantom (D:4)
  2 kobold brigands
  18 bullfrogs
  3 earth elementals
  2 naga simulacra (Snake:2)
  6 necrophages
  3 scorpions
  2 water moccasin zombies (D:5)
  14 wights
  Dowan (D:5)
  An elephant simulacrum (Lair:5)
  9 killer bees
  A shapeshifter skeleton (Crypt:3)
  7 howler monkeys
  A bullfrog zombie (D:5)
  3 lava snakes (Volcano)
  A wolf skeleton (Crypt:2)
  A centaur zombie (D:5)
  A bombardier beetle (D:6)
  4 hounds
  2 jellies
  2 human zombies
  An orc priest (Orc:2)
  A scorpion zombie (D:5)
  A sleepcap (D:6)
  5 iguanas
  12 orc wizards
  A hound zombie (D:5)
  5 naga skeletons
  An ogre skeleton (Crypt:2)
  11 mummies
  5 gnolls
  6 adders
  2 howler monkey skeletons (D:5)
  3 shadow imps
  A white imp (D:6)
  An adder zombie (D:5)
  2 dart slugs
  A ribbon worm (D:2)
  29 orcs
  7 ball pythons
  A bat (D:1)
  7 endoplasms
  2 giant cockroaches (D:1)
  7 goblins
  7 hobgoblins
  4 jackals
  16 kobolds
  A quokka (D:1)
  A ball python zombie (Crypt:2)
  2 frilled lizards
  2 gnoll zombies (Ossuary)
  4 hobgoblin zombies (Ossuary)
  A kobold zombie (Ossuary)
  2 orc zombies
  6 rats
  A rat skeleton (Crypt:3)
  A spectral orc (D:8)
  A spectral weapon (Orc:2)
1492 creatures vanquished.

Vanquished Creatures (collateral kills)
  the Royal Jelly (Slime:5)
  Vashnia (Snake:4)
  2 golden dragons (Vaults:5)
  A bone dragon (Crypt:3)
  A tentacled monstrosity (Vaults:5)
  A lich (Vaults:5)
  A deep elf blademaster (Elf:3)
  A titan (Vaults:5)
  2 deep elf master archers (Elf:3)
  An ancient champion (Crypt:1)
  A quicksilver dragon (Vaults:5)
  3 sphinxes
  Kirke (D:13)
  A tengu reaver (Vaults:5)
  Donald (Snake:4)
  A revenant (Crypt:2)
  A shadow dragon (Vaults:4)
  A nagaraja (Snake:4)
  4 rockslimes (Slime:5)
  3 vault wardens
  3 deep elf sorcerers
  12 ironbound preservers
  2 ghouls
  A very ugly thing (Vaults:5)
  An ironbound thunderhulk (Vaults:4)
  A formless jellyfish (Vaults:4)
  4 vampire knights
  3 deep elf annihilators (Elf:3)
  A deep elf death mage (Vaults:5)
  A minotaur (Gauntlet)
  2 deep elf demonologists (Elf:3)
  An ettin (Vaults:5)
  3 eidola (Crypt:2)
  A fire dragon (D:15)
  3 deep elf high priests
  An entropy weaver (Vaults:1)
  5 jiangshi
  23 vault guards
  9 yaktaur captains
  Fannar (D:11)
  An ice dragon (D:15)
  A servant of whispers (Vaults:3)
  A hydra (Swamp:4)
  An ogre mage (Orc:2)
  A salamander tyrant (Snake:3)
  4 anacondas
  A boulder beetle (D:14)
  4 centaur warriors
  2 ironbound frosthearts
  A two-headed ogre (D:15)
  2 vampire magi
  6 naga warriors
  4 naga sharpshooters
  A tengu warrior (D:15)
  A thrashing horror (Lair:5)
  A soul eater (Crypt:3)
  2 deep elf knights
  A shadow wraith (Crypt:2)
  A salamander mystic (Snake:4)
  2 skysharks
  8 skeletal warriors
  22 deep trolls
  A goliath frog (Swamp:3)
  2 bog bodies
  5 naga ritualists
  4 sea snakes
  A flayed ghost (Crypt:2)
  4 swamp dragons (Swamp:4)
  2 arcanists
  4 phantasmal warriors
  A glowing orange brain (shapeshifter) (Vaults:5)
  3 lindwurms
  2 mana vipers
  3 deep elf archers
  6 deep elf zephyrmancers
  4 necromancers
  2 orc knights
  10 deep elf pyromancers
  4 ironbound convokers (Vaults:3)
  A will-o-the-wisp (Swamp:2)
  A shadow dragon zombie (Crypt:2)
  2 orc sorcerers
  2 cyclopes (Orc:2)
  A cyclops (shapeshifter) (Vaults:5)
  A manticore (D:12)
  2 ugly things
  9 salamanders
  A meliai (D:12)
  2 meliai (shapeshifter)
  14 black mambas
  8 vault sentinels
  5 naga magi
  5 cane toads
  3 elephants
  A large abomination (Lair:5)
  A rime drake (Lair:4)
  3 komodo dragons (Lair:3)
  A freezing wraith (Vaults:5)
  15 yaktaurs
  2 guardian mummies (Crypt:3)
  A white draconian skeleton (Crypt:1)
  A tengu simulacrum (Vaults:1)
  A human skeleton (Vaults:4)
  5 trolls
  A pale draconian skeleton (Crypt:2)
  3 hornets
  A spectral guardian serpent (Snake:2)
  7 blink frogs
  A spectral dream sheep (Lair:1)
  A tarantella (shapeshifter) (Vaults:5)
  A tyrant leech (Swamp:3)
  A dream sheep (shapeshifter) (Vaults:4)
  A deep troll zombie (Vaults:4)
  9 dream sheep (Lair:5)
  14 slime creatures
  2 shadows
  2 spriggans
  A wraith (D:13)
  4 basilisks
  A fire elemental (Elf:1)
  17 yaks
  A redback (Vaults:4)
  A neqoxec (D:9)
  9 humans
  A human simulacrum (Vaults:4)
  2 vampire mosquitoes
  A two-headed ogre zombie (Crypt:2)
  24 nagas
  2 swamp worms
  A deep troll skeleton (Crypt:1)
  4 water moccasins
  A swamp drake (Swamp:4)
  8 laughing skulls
  6 orc warriors
  5 boggarts (D:15)
  5 wolves
  4 ogres
  A dream sheep skeleton (Crypt:3)
  2 bullfrogs
  3 naga simulacra (Snake:2)
  A cane toad simulacrum (Lair:5)
  3 necrophages
  3 small abominations (Lair:5)
  3 killer bees
  An elephant simulacrum (Lair:5)
  5 orc priests
  4 orc wizards
  An ice beast zombie (Crypt:1)
  A hound skeleton (Crypt:1)
  9 orcs
  A bat skeleton (Crypt:2)
  A butterfly (Lair:2)
  A foxfire (Orc:1)
503 creatures vanquished.

Vanquished Creatures (others)
  A sphinx (Vaults:5)
  A rockslime (Slime:5)
  A deep elf sorcerer (Elf:3)
  A deep elf elementalist (Elf:3)
  A stone giant (Vaults:5)
  3 deep elf demonologists (Elf:3)
  2 deep elf annihilators (Elf:3)
  An ettin (Vaults:5)
  A yaktaur captain (Vaults:3)
  A deep elf high priest (Elf:3)
  A vault guard (Vaults:5)
  A centaur warrior (Vaults:4)
  A deep troll (Vaults:4)
  3 deep elf zephyrmancers
  A deep elf pyromancer (Elf:1)
  An ugly thing (Vaults:3)
  An orc sorcerer (Vaults:5)
  A vault sentinel (Vaults:4)
  2 yaktaurs (Vaults:5)
  A tyrant leech (Swamp:1)
  A slime creature (Vaults:3)
  A human (D:13)
  An orc (D:8)
  356 foxfires
385 creatures vanquished.

Grand Total: 2380 creatures vanquished

Notes
Turn   | Place    | Note
-------+----------+-------------------------------------------
     0 | D:1      | ilwentz the Djinni Wanderer began the quest for the Orb.
     0 | D:1      | ilwentz set off with the following items: a +0 club, a
                  | scroll of fog, a +0 robe, a wand of polymorph (7)the
                  | following spells memorised: Freeze, Ozocubu's Armour, Stone
                  | Arrow, Foxfire, Hailstorm.
     0 | D:1      | Reached XP level 1. HP: 15/15 MP: 0/0
   256 | D:1      | Reached XP level 2. HP: 20/22 MP: 0/0
   285 | D:1      | Found Ummyfeank's Book Boutique.
   395 | D:1      | Reached skill level 1 in Dodging
   597 | D:1      | Reached skill level 1 in Fighting
   597 | D:1      | Reached XP level 3. HP: 27/27 MP: 0/0
   597 | D:1      | Learned a level 1 spell: Sting
  1093 | D:2      | Noticed Sigmund
  1099 | D:2      | Killed Sigmund
  1100 | D:2      | Reached XP level 4. HP: 22/34 MP: 0/0
  1100 | D:2      | Reached XP level 5. HP: 25/39 MP: 0/0
  1100 | D:2      | Learned a level 2 spell: Mercury Vapours
  1221 | D:2      | Found a faded altar of an unknown god.
  1225 | D:2      | Prayed at the altar of an unknown god.
  1225 | D:2      | Became a worshipper of the Shining One
  1225 | D:2      | Reached * piety under the Shining One
  1234 | D:2      | Reached skill level 5 in Spellcasting
  1234 | D:2      | Reached skill level 5 in Conjurations
  1234 | D:2      | Reached skill level 5 in Hexes
  1234 | D:2      | Reached skill level 5 in Summonings
  1234 | D:2      | Reached skill level 5 in Necromancy
  1234 | D:2      | Reached skill level 5 in Translocations
  1234 | D:2      | Reached skill level 5 in Fire Magic
  1234 | D:2      | Reached skill level 5 in Ice Magic
  1234 | D:2      | Reached skill level 5 in Air Magic
  1234 | D:2      | Reached skill level 5 in Earth Magic
  1234 | D:2      | Reached skill level 5 in Alchemy
  1234 | D:2      | Reached XP level 6. HP: 41/45 MP: 0/0
  1581 | D:2      | Identified the +1 ring mail "Josasin" {Harm rC+ Regen+}
  2603 | D:4      | Found a staircase to the Ecumenical Temple.
  2687 | D:4      | Reached XP level 7. HP: 16/50 MP: 0/0
  2687 | D:4      | Learned a level 2 spell: Jinxbite
  3158 | D:4      | Identified the +5 ring mail "Neaxia" {rF+ rC+ Dex+2 Slay+3}
  3380 | D:4      | Found a shimmering altar of Xom.
  3553 | D:5      | Entered Level 5 of the Dungeon
  3764 | D:5      | Noticed a water moccasin
  3773 | D:5      | Killed a water moccasin
  3774 | D:5      | Reached skill level 1 in Armour
  3918 | D:5      | Noticed Duvessa
  3918 | D:5      | Noticed Dowan
  3920 | D:5      | Killed Dowan
  3924 | D:5      | Killed Duvessa
  3925 | D:5      | Reached XP level 8. HP: 21/58 MP: 0/0
  4309 | D:5      | Found Jogit's Neck Hole.
  4315 | D:5      | Bought a +0 cloak for 58 gold pieces
  4716 | D:5      | Reached ** piety under the Shining One
  4929 | D:5      | Found a shadowy altar of Dithmenos.
  5089 | D:6      | Reached skill level 5 in Fighting
  5222 | D:6      | Found an iron altar of Okawaru.
  5268 | D:6      | Reached XP level 9. HP: 60/65 MP: 0/0
  5268 | D:6      | Learned a level 3 spell: Frozen Ramparts
  5327 | D:6      | Found a glowing golden altar of the Shining One.
  5350 | D:6      | Reached *** piety under the Shining One
  5590 | D:6      | Found a bloodstained altar of Trog.
  5757 | D:6      | Found a blossoming altar of Fedhas.
  5986 | D:6      | Found a runed translucent door.
  5987 | D:6      | Noticed Crazy Yiuf
  6259 | D:7      | Found a sand-covered staircase.
  6331 | Ossuary  | Entered an ossuary
  6387 | Ossuary  | Reached skill level 5 in Armour
  6454 | Ossuary  | Reached **** piety under the Shining One
  7478 | D:8      | Reached XP level 10. HP: 68/73 MP: 0/0
  7636 | D:9      | Reached skill level 5 in Dodging
  7686 | D:9      | Noticed a smoke demon
  7688 | D:9      | Killed a smoke demon
  7757 | D:9      | Found a basalt altar of Yredelemnul.
  8121 | D:8      | Noticed a cyan ugly thing
  8121 | D:8      | Noticed a manticore
  8121 | D:8      | Noticed a guardian serpent
  8124 | D:8      | Noticed a centaur warrior
  8126 | D:8      | Noticed a centaur warrior
  8128 | D:8      | Found a hazy altar of Hepliaklqana.
  8189 | D:8      | Found a stormy altar of Qazlal.
  8190 | D:8      | Noticed an unseen horror
  8193 | D:8      | Killed an unseen horror
  8214 | D:8      | Reached ***** piety under the Shining One
  8359 | D:8      | Reached XP level 11. HP: 75/81 MP: 0/0
  8359 | D:8      | Learned a level 4 spell: Summon Lightning Spire
  8763 | D:9      | Reached skill level 1 in Invocations
  8836 | D:9      | Found Kuclitt's General Store.
  8847 | D:9      | Bought a potion of curing for 42 gold pieces
  8889 | D:9      | Noticed a sixfirhy
  8891 | D:9      | Killed a sixfirhy
  8948 | D:9      | Reached skill level 10 in Spellcasting
  8948 | D:9      | Reached skill level 10 in Conjurations
  8948 | D:9      | Reached skill level 10 in Hexes
  8948 | D:9      | Reached skill level 10 in Summonings
  8948 | D:9      | Reached skill level 10 in Necromancy
  8948 | D:9      | Reached skill level 10 in Translocations
  8948 | D:9      | Reached skill level 10 in Fire Magic
  8948 | D:9      | Reached skill level 10 in Ice Magic
  8948 | D:9      | Reached skill level 10 in Air Magic
  8948 | D:9      | Reached skill level 10 in Earth Magic
  8948 | D:9      | Reached skill level 10 in Alchemy
  9330 | D:9      | Found a faded altar of an unknown god.
  9330 | D:9      | Found a glowing silver altar of Zin.
  9339 | D:9      | Found a broken altar of Ashenzari.
  9341 | D:9      | Found a faded altar of an unknown god.
  9343 | D:9      | Found an opulent altar of Gozag.
  9373 | D:9      | Noticed a two-headed ogre
  9382 | D:9      | Killed a two-headed ogre
  9383 | D:9      | Noticed a sixfirhy
  9388 | D:9      | HP: 1/84 [sixfirhy (11)]
  9388 | D:9      | The Shining One protects you from harm!
  9390 | D:9      | Killed a sixfirhy
  9878 | D:9      | Found Xiachy's Fire Supplies.
 10012 | D:10     | Entered Level 10 of the Dungeon
 10032 | D:10     | Noticed a two-headed ogre
 10040 | D:10     | Killed a two-headed ogre
 10041 | D:10     | Reached XP level 12. HP: 66/89 MP: 0/0
 10074 | D:10     | Reached skill level 1 in Polearms
 10132 | D:10     | Found a flagged portal.
 10200 | Bailey   | Entered a bailey
 10437 | Bailey   | Reached skill level 5 in Invocations
 10489 | Bailey   | Noticed a vault guard
 10489 | Bailey   | Noticed Prince Ribbit
 10500 | Bailey   | Killed a vault guard
 10505 | Bailey   | Killed Prince Ribbit
 10605 | Bailey   | Noticed a vault guard
 10614 | Bailey   | Killed a vault guard
 11040 | D:10     | Noticed Erolcha
 11057 | D:10     | Killed Erolcha
 11735 | D:11     | Noticed Fannar
 11748 | D:11     | Killed Fannar
 11916 | D:11     | Noticed a two-headed ogre
 11920 | D:11     | Killed a two-headed ogre
 12030 | D:11     | Found a staircase to the Lair.
 12234 | D:11     | Reached XP level 13. HP: 79/94 MP: 0/0
 12234 | D:11     | Learned a level 5 spell: Yara's Violent Unravelling
 12460 | D:12     | Found a staircase to the Orcish Mines.
 12793 | D:12     | Reached ****** piety under the Shining One
 13141 | D:12     | Identified the +10 war axe of Doom {venom, +Blink Fly
                  | Will++ Dex+2}
 13616 | D:12     | Reached skill level 1 in Axes
 13662 | D:12     | Found Nutroil's General Store.
 14128 | Lair:1   | Entered Level 1 of the Lair of Beasts
 14323 | Lair:1   | Found a runed translucent gate.
 14323 | Lair:1   | Found a runed translucent gate.
 14323 | Lair:1   | Found a runed translucent gate.
 14325 | Lair:1   | Noticed jimmypageman's ghost (journeyman MiFi)
 15577 | Lair:2   | Noticed Gastronok
 15577 | Lair:2   | Found a staircase to the Snake Pit.
 15931 | Lair:2   | Found a staircase to the Swamp.
 16241 | Lair:2   | Killed Gastronok
 16471 | Lair:2   | Reached XP level 14. HP: 79/101 MP: 0/0
 18245 | Lair:3   | Reached skill level 10 in Fighting
 19133 | Lair:4   | Identified the dragon-blood talisman "Zucet" {rC+}
 19220 | Lair:4   | Found a staircase to the Slime Pits.
 19220 | Lair:4   | Found a viscous altar of Jiyva.
 19236 | Lair:4   | Reached skill level 10 in Invocations
 19421 | Lair:4   | Found a gate leading to a gauntlet.
 19430 | Gauntlet | Entered a Gauntlet
 19430 | Gauntlet | Found a transporter.
 19430 | Gauntlet | Found a transporter.
 19495 | Gauntlet | Found a transporter.
 19496 | Gauntlet | Found a transporter.
 19496 | Gauntlet | Found a transporter.
 19499 | Gauntlet | Noticed a reaper
 19506 | Gauntlet | Found a transporter.
 19510 | Gauntlet | Found a transporter.
 19523 | Gauntlet | Found a transporter.
 19531 | Gauntlet | Found a transporter.
 19548 | Gauntlet | Found a transporter.
 19556 | Gauntlet | Found a transporter.
 19578 | Gauntlet | Found a transporter.
 19710 | Gauntlet | Identified the ring of the Kraken {Fly Stlth+}
 19729 | Gauntlet | Killed a reaper
 19736 | Gauntlet | Identified the ring "Ystrar" {MP+9 SInv}
 19752 | Gauntlet | Noticed a minotaur
 19765 | Gauntlet | Killed a minotaur
 19778 | Gauntlet | Identified the dragon-blood talisman of Gravitas {rElec
                  | rF+++ Int-3 Dex+2}
 20578 | Lair:5   | Entered Level 5 of the Lair of Beasts
 20590 | Lair:5   | Reached XP level 15. HP: 53/109 MP: 0/0
 20590 | Lair:5   | Learned a level 6 spell: Eringya's Noxious Bog
 20985 | Lair:5   | Identified the +0 robe "Adghar" {^Contam rC+ Int+5}
 21676 | Lair:5   | Found an ornate altar of the Wu Jian Council.
 21679 | Lair:5   | Found a hide-covered altar of Uskayaw.
 22517 | Lair:5   | Identified the +8 battleaxe of Fukhlig {flame, rN+}
 22676 | Lair:5   | Reached skill level 15 in Spellcasting
 22676 | Lair:5   | Reached skill level 15 in Conjurations
 22676 | Lair:5   | Reached skill level 15 in Hexes
 22676 | Lair:5   | Reached skill level 15 in Summonings
 22676 | Lair:5   | Reached skill level 15 in Necromancy
 22676 | Lair:5   | Reached skill level 15 in Translocations
 22676 | Lair:5   | Reached skill level 15 in Fire Magic
 22676 | Lair:5   | Reached skill level 15 in Ice Magic
 22676 | Lair:5   | Reached skill level 15 in Air Magic
 22676 | Lair:5   | Reached skill level 15 in Earth Magic
 22676 | Lair:5   | Reached skill level 15 in Alchemy
 22804 | Lair:5   | Identified the +0 shortbow "Heqo" {flame, Stlth+}
 23206 | Lair:5   | Found a corrupted altar of Lugonu.
 23206 | Lair:5   | Found a one-way gate to the infinite horrors of the Abyss.
 23654 | Orc:1    | Entered Level 1 of the Orcish Mines
 24256 | Orc:2    | Entered Level 2 of the Orcish Mines
 24275 | Orc:2    | Found a dark tunnel.
 24284 | Volcano  | Entered a volcano
 24423 | Volcano  | Found a bloodstained altar of Trog.
 24700 | Orc:2    | Found a staircase to the Elven Halls.
 25025 | Orc:2    | Reached XP level 16. HP: 93/118 MP: 0/0
 25404 | Orc:2    | Found Cabiu's General Store.
 26036 | Orc:2    | Found Fataon's Assorted Antiques.
 26405 | Orc:2    | Found Kuag's Jewellery Shoppe.
 26410 | Orc:2    | Found Bomeo's Antique Weapon Emporium.
 26622 | Orc:2    | Bought an amulet of regeneration for 300 gold pieces
 26628 | Orc:2    | Bought a scroll of identify for 66 gold pieces
 26628 | Orc:2    | Bought a ring of the Octopus King for 165 gold pieces
 26628 | Orc:2    | Found the ring of the Octopus King {Wiz HP+2 AC+2 EV+2
                  | SH+2}
 26628 | Orc:2    | Found the ring of the Octopus King {Wiz HP+2 AC+2 EV+2
                  | SH+2}
 27053 | D:13     | Noticed Frances
 27061 | D:13     | Killed Frances
 27250 | D:13     | Found Tatoyz Qucy's Magic Scroll Emporium.
 27266 | D:13     | Bought a scroll of identify for 38 gold pieces
 27266 | D:13     | Bought a scroll of blinking for 142 gold pieces
 27266 | D:13     | Bought a scroll of identify for 38 gold pieces
 27266 | D:13     | Bought a scroll of identify for 38 gold pieces
 27266 | D:13     | Bought a scroll of identify for 38 gold pieces
 27266 | D:13     | Bought a scroll of identify for 38 gold pieces
 27277 | D:13     | Noticed Nessos
 27282 | D:13     | Killed Nessos
 27426 | D:13     | Noticed Kirke
 27434 | D:13     | Killed Kirke
 27571 | D:13     | Found a white marble altar of Elyvilon.
 28903 | D:14     | Noticed Josephine
 28908 | D:14     | Killed Josephine
 29046 | D:14     | Reached XP level 17. HP: 101/125 MP: 0/0
 29046 | D:14     | Learned a level 6 spell: Bombard
 29116 | D:14     | Found a gate to the Vaults.
 29123 | D:14     | Identified the +4 quarterstaff of Jyntilar {flame, rPois
                  | rC- Stlth+}
 29214 | D:15     | Entered Level 15 of the Dungeon
 29799 | D:15     | Found a staircase to the Depths.
 30358 | Swamp:1  | Entered Level 1 of the Swamp
 30933 | Swamp:1  | Identified the +5 flail of the Building Shrike {venom,
                  | rElec rC++ Str-5 Int+2}
 31189 | Swamp:2  | Reached skill level 10 in Dodging
 31324 | Swamp:2  | Found a runed translucent gate.
 31325 | Swamp:2  | Found a runed translucent gate.
 31523 | Swamp:2  | Noticed a thorn hunter
 31530 | Swamp:2  | The Shining One protects you from harm!
 31531 | Swamp:2  | Killed a thorn hunter
 31747 | Swamp:2  | Found a runed translucent gate.
 31747 | Swamp:2  | Noticed booth's ghost (adept DsGl)
 31748 | Swamp:2  | Noticed Nomoy's ghost (adept NaFi)
 32803 | Swamp:3  | Reached XP level 18. HP: 83/130 MP: 0/0
 32923 | Swamp:4  | Entered Level 4 of the Swamp
 33747 | Swamp:4  | Got a decaying rune of Zot
 34268 | Snake:1  | Entered Level 1 of the Snake Pit
 34676 | Snake:1  | Found Raibiche's Magic Scroll Boutique.
 34698 | Snake:1  | Bought a scroll of identify for 28 gold pieces
 34698 | Snake:1  | Bought a scroll of identify for 28 gold pieces
 34698 | Snake:1  | Bought a scroll of identify for 28 gold pieces
 34698 | Snake:1  | Bought a scroll of revelation for 105 gold pieces
 34698 | Snake:1  | Identified a scroll of acquirement
 35068 | Snake:2  | Found Fogighex's Magic Scroll Shop.
 35073 | Snake:2  | Bought a scroll of revelation for 75 gold pieces
 35073 | Snake:2  | Bought a scroll of summoning for 95 gold pieces
 35710 | Snake:2  | Reached XP level 19. HP: 131/139 MP: 0/0
 35710 | Snake:2  | Learned a level 6 spell: Sculpt Simulacrum
 37249 | Snake:3  | Identified the dragon-blood talisman of the Fletcher {Will+
                  | Slay+3}
 37518 | Snake:3  | Reached skill level 1 in Shields
 37919 | Snake:4  | Entered Level 4 of the Snake Pit
 38960 | Snake:4  | Noticed Donald
 39138 | Snake:4  | Killed Donald
 39274 | Snake:4  | Reached skill level 5 in Axes
 39304 | Snake:4  | Noticed Vashnia
 39506 | Snake:4  | Killed Vashnia
 39507 | Snake:4  | Reached XP level 20. HP: 96/147 MP: 0/0
 39992 | Snake:4  | Reached skill level 5 in Shields
 40347 | Snake:4  | Got a serpentine rune of Zot
 40747 | Vaults:1 | Entered Level 1 of the Vaults
 40850 | Vaults:1 | Found a runed translucent gate.
 40850 | Vaults:1 | Found a runed translucent gate.
 40850 | Vaults:1 | Found a runed translucent gate.
 40850 | Vaults:1 | Noticed Liamsmithers's ghost (journeyman MiGl)
 42100 | Vaults:1 | Found Meitrol's Book Boutique.
 42942 | Vaults:2 | Reached XP level 21. HP: 113/152 MP: 0/0
 42942 | Vaults:2 | Learned a level 8 spell: Discord
 43763 | Vaults:2 | Found Hejim's Assorted Antiques.
 43767 | Vaults:2 | Bought a scroll of blinking for 202 gold pieces
 43767 | Vaults:2 | Bought a bound tin amulet for 135 gold pieces
 43767 | Vaults:2 | Identified the amulet "Qar Xat" {RegenMP Rampage Slay+2}
                  | (You bought it in a shop on level 2 of the Vaults)
 43867 | Vaults:2 | Found Keahaon's Armour Shoppe.
 44250 | Vaults:2 | Found a staircase to the Crypt.
 44500 | Crypt:1  | Entered Level 1 of the Crypt
 46406 | Vaults:4 | Identified the +1 chain mail of Sloth {rElec Stlth+}
 47029 | Vaults:4 | Reached XP level 22. HP: 152/158 MP: 0/0
 47192 | Vaults:4 | Found a runed translucent door.
 48012 | Vaults:5 | Entered Level 5 of the Vaults
 48437 | Vaults:5 | Killed a golden dragon
 48471 | Vaults:5 | Noticed a golden dragon
 48472 | Vaults:5 | Killed a golden dragon
 49289 | Vaults:5 | Noticed a golden dragon
 49339 | Vaults:5 | Reached XP level 23. HP: 139/164 MP: 0/0
 49339 | Vaults:5 | Learned a level 8 spell: Infestation
 49345 | Vaults:4 | Killed a golden dragon
 49991 | Vaults:5 | Identified the staff "Beastbane" {rPois rF+ rN+ Stlth-
                  | Alchemy}
 49995 | Vaults:5 | Got a silver rune of Zot
 50127 | Vaults:5 | Identified the +7 orcbow of Modesty {flame, *Slow rElec
                  | rCorr Str+3}
 51063 | Vaults:5 | Reached skill level 15 in Invocations
 51379 | Vaults:5 | Noticed an ancient lich
 51387 | Vaults:5 | Killed an ancient lich
 51860 | Elf:1    | Entered Level 1 of the Elven Halls
 51860 | Elf:1    | Noticed Asterion
 51872 | Orc:2    | Killed Asterion
 52171 | Elf:1    | Paralysed by an air elemental for 1 turns
 52210 | Elf:1    | Paralysed by an air elemental for 1 turns
 52256 | Elf:1    | Paralysed by an air elemental for 1 turns
 52260 | Elf:1    | Paralysed by an air elemental for 1 turns
 52387 | Elf:1    | Reached skill level 1 in Maces & Flails
 52599 | Elf:1    | Identified the +1 robe of the Kangaroo {rElec}
 53291 | Elf:2    | Noticed Dungobob's ghost (journeyman MiFi)
 53357 | Elf:2    | Found a bloodstained altar of Trog.
 53371 | Elf:2    | Found a transporter.
 53373 | Elf:2    | Noticed Agnes
 53379 | Elf:2    | Killed Agnes
 53446 | Elf:2    | Found a transporter.
 53622 | Elf:2    | Found a runed translucent gate.
 53622 | Elf:2    | Found a runed translucent gate.
 53622 | Elf:2    | Found a runed translucent gate.
 53932 | Elf:2    | Reached XP level 24. HP: 171/171 MP: 0/0
 54545 | Elf:3    | Entered Level 3 of the Elven Halls
 54757 | Elf:3    | Noticed Mara
 54758 | Elf:3    | Noticed ilwentz's illusion
 55115 | Elf:3    | Killed Mara
 56763 | Elf:3    | Reached skill level 15 in Fighting
 56801 | Elf:3    | Identified the +0 spear of Dumesk {elec, rPois rC+ rN+}
 56991 | Elf:3    | Found the +7 lajatang of Order {silver, rMut}
 56998 | Elf:3    | Identified the -1 pair of boots "Difur" {Harm}
 57000 | Elf:3    | Identified the staff of the Enfolding Fool {rPois rF+ Str+3
                  | Int+3 Ice Alchemy}
 57007 | Elf:3    | Identified the +5 short sword of the Brewing Goat {freeze,
                  | *Corrode rElec rN+ Dex+2}
 57023 | Elf:3    | Identified the staff of Compound Interest {rPois Will+
                  | Alchemy}
 57162 | Elf:3    | Identified a +2 eudemon blade of holy wrath (a +0 demon
                  | blade of freezing blessed by the Shining One)
 57162 | Elf:3    | Received a gift from the Shining One
 57324 | Lair:1   | Killed jimmypageman's ghost
 57346 | Lair:1   | Identified the amulet of Erin Yti {^Fragile Regen+ rCorr
                  | Str+8 Dex-4}
 57596 | Crypt:1  | Reached skill level 1 in Long Blades
 57596 | Crypt:1  | Reached skill level 1 in Staves
 58034 | Crypt:1  | Noticed Xtahua
 58043 | Crypt:1  | Killed Xtahua
 58653 | Crypt:2  | Reached XP level 25. HP: 174/178 MP: 0/0
 58653 | Crypt:2  | Learned a level 8 spell: Ignition
 59490 | Crypt:3  | Entered Level 3 of the Crypt
 59948 | Crypt:3  | Reached skill level 5 in Long Blades
 59948 | Crypt:3  | Reached skill level 5 in Staves
 60436 | Crypt:3  | Found a staircase to the Tomb.
 60765 | Crypt:3  | Identified the ring of Xom's Fair Game {rC- Will++ rCorr
                  | Int+3 Dex+6}
 60827 | Crypt:3  | Found a basalt altar of Yredelemnul.
 61018 | Crypt:3  | Noticed an ancient lich
 61028 | Crypt:3  | Killed an ancient lich
 61209 | Crypt:3  | Identified the staff of the Riding Gods {rElec rPois rN+
                  | Necro}
 61331 | Crypt:3  | Reached XP level 26. HP: 184/184 MP: 0/0
 61612 | Crypt:3  | Identified the +12 sling of Ibynne {drain, rCorr}
 61614 | Crypt:3  | Identified the ring "Tisikus" {^Drain rElec rN+ rCorr
                  | Int+5}
 61614 | Crypt:3  | Identified the ring "Puit" {rN+ Str+3 Int+4}
 62030 | Slime:1  | Entered Level 1 of the Pits of Slime
 63881 | Slime:3  | You are sucked into a shaft and drop 1 floor!
 63890 | Slime:4  | Found a viscous altar of Jiyva.
 64078 | Slime:4  | Gained mutation: You are frail. (-10% HP) [a shining eye]
 64983 | Slime:5  | Entered Level 5 of the Pits of Slime
 65742 | Slime:5  | Found a viscous altar of Jiyva.
 65787 | Slime:5  | Noticed the Royal Jelly
 65994 | Slime:5  | Killed the Royal Jelly
 66137 | Slime:5  | Identified the staff "Tuahiavaf" {rC+ Str+3 Ice}
 66138 | Slime:5  | Identified the +7 dagger of Big Damage {protect, rC+ Str+6}
 66139 | Slime:5  | Identified the +0 robe of Elyvilon's Scorn {Str+2}
 66184 | Slime:5  | Got a slimy rune of Zot
 66203 | Slime:5  | Identified the serpent talisman "Koutotov" {rElec MP+9
                  | Int-4 Stlth+}
 66207 | Slime:5  | Identified the staff "Bacuf" {rC+ rCorr Int+3 Hexes Ice}
 66258 | Slime:5  | Identified the staff "Fetyuw" {rElec Str+2 Dex-4 Conj}
 66780 | Temple   | Entered the Ecumenical Temple
 67194 | Tomb:1   | Entered Level 1 of the Tomb of the Ancients
 67727 | Tomb:1   | Noticed a royal mummy
 67735 | Tomb:1   | Killed a royal mummy
 67736 | Tomb:1   | Killed from afar by a lich

Illustrated notes

Levels and vault maps discovered:
D:1:      scummos_arrival_gate, layout_basic, serial_shops, shop
D:2:      layout_rooms, basic_ecumenical_altar, minmay_diced_spiral,
          uniq_sigmund
D:3:      layout_loops_ring
D:4:      layout_loops_ring, regret_index_xom_buried_treasure,
          minmay_temple_entry_mist, chequers_garden, skrybe_limestone_x
D:5:      layout_cave_pods, lemuel_mausoleum_altar_kikubaaqudgha,
          grunt_dithmenos_shadows, nicolae_shop_sticking_my_neck_out,
          uniq_duvessa
D:6:      layout_basic, trog_three_pillars_becter, okawaru_metal_pillars_1_2,
          tso_metal_star, lemuel_coloured_pillars_altar, uniq_crazy_yiuf_cottage
D:7:      layout_cave_pods, nicolae_ossuary_entry_false_entrances,
          minmay_misc_feat_five
D:8:      hangedman_cross_stitches, layout_rooms,
          nicolae_hepliaklqana_monster_ancestors,
          mainiacjoe_overflow_surrounded_room, onia_ninara_dug_in_and_dangerous
D:9:      layout_basic, mainiacjoe_overflow_tiny_flanked,
          chequers_temple_overflow_minitemple, serial_shops, shop,
          serial_demonic, serial_demonic_g, serial_demonic_g, serial_demonic_e,
          serial_demonic_d, serial_demonic_c, serial_demonic_d,
          nicolae_shop_fire_sale [nicolae_sub_dead_trees],
          nicolae_twisty_statue_hallways
D:10:     layout_loops_ring, lemuel_blue_sif_altar, enter_bailey_8,
          minivault_27, uniq_erolcha
D:11:     layout_cave_pools, lair_entry_dummy, minivault_21, uniq_fannar
D:12:     kennysheep_six_static_rooms, layout_rooms, serial_shops, shop,
          chequers_decorated_corner, solitary_fountain, eino_jars
D:13:     layout_grid_maze, serial_shops, shop, elyvilon_altar_3, uniq_nessos,
          uniq_kirke, uniq_frances
D:14:     layout_long_grid, grunt_vaults_entry_tiered,
          infiniplex_staircase_zigzag_2, minmay_strange_pillars, uniq_josephine
D:15:     grunt_enter_depths_hoard, layout_rooms, serial_park_square3
          [serial_park_minivault_5x5_6]
Temple:   nicolae_temple_superstar
Lair:1:   layout_cave_pods, gammafunk_ghost_necromancy,
          infiniplex_staircase_pool
Lair:2:   layout_hall_layers, mainiacjoe_swamp_entry_lozenge_pond,
          dummy_snake_entry, serial_bayou_shore_b, lemuel_fruit_fields,
          uniq_gastronok
Lair:3:   layout_roguey, beast_lair_carwin_10
Lair:4:   layout_long_grid, slime_entry_1, gauntlet_entry_generic,
          lemuel_fruit_fields, grunt_megastairs_1
Lair:5:   hellmonk_lair_end_abyssal_woods, layout_cave_pods,
          portal_ice_cave_entry_ice_simulacra, nzn_masters_of_martial_movement
Swamp:1:  layout_falls_marsh, evilmike_swamp_ruin_house_4
Swamp:2:  layout_falls_marsh, gammafunk_ghost_cemetery,
          evilmike_swamp_ruin_house_5, swamp_pool_3
Swamp:3:  layout_basic_swamp, nicolae_swamp_triple_paths
Swamp:4:  swamp_alternative, layout_basic_swamp
Snake:1:  layout_misc_corridors, minmay_shop_grid_forest, grunt_ministairs_9
Snake:2:  layout_honeycomb, serial_shops, nicolae_shop_tiny_statue_garden,
          nicolae_snake_gridmaze_spiral, nicolae_snake_the_dead_are_slithering
Snake:3:  minmay_snake_river, layout_grid_maze, st_stairs_3,
          nicolae_snake_shapes
Snake:4:  grunt_snake_rune_pools, layout_layer_cave, grunt_megastairs_3,
          lemuel_fruit_tree, uniq_vashnia, uniq_donald
Slime:1:  layout_caves
Slime:2:  layout_caves
Slime:3:  layout_caves
Slime:4:  layout_caves, basic_altar
Slime:5:  slime_pit_nicolae_trefoil
Orc:1:    layout_caves, basic_altar
Orc:2:    st_orc_open, layout_diamond_mine, nicolae_volcano_entry_lava_flow
Elf:1:    elf_arrival_002, layout_rooms, nicolae_elf_crossing_hall,
          uniq_asterion
Elf:2:    nicolae_elf_blades_splatter_lattice
          [nicolae_blade_entry_area_security], layout_rooms,
          gammafunk_ghost_wrathful_warriors, uniq_agnes
Elf:3:    elf_hall, layout_onion_city, uniq_mara
Vaults:1: ebering_ghost_rock_garden, hangedman_vaults_slither,
          hangedman_vaults_impose, nicolae_vaults_storage_closets_2, v_misc_23,
          nicolae_vaults_storage_closets_3, nicolae_vaults_theta,
          hangedman_vaults_hat, ontoclasm_vaults_ring_square,
          nicolae_vaults_windows_and_doors_thing, ontoclasm_vaults_idyll,
          nicolae_vaults_tetromino_L_2, nicolae_vaults_circle_grid_a,
          layout_vaults_omnibox, serial_shops, shop
Vaults:2: grunt_vaults_diagonal, vaults_mumra_hex, ontoclasm_vaults_spin,
          minmay_crypt_entry_simple_plaza, nicolae_vaults_surprise_closet,
          dpeg_vaults_monster_box, nicolae_vaults_heart-shaped_vault,
          v_pattern_1, nicolae_vaults_enemy_cabinets,
          vaults_dpeg_emergency_exit, layout_vaults_omnicross, serial_shops,
          nicolae_shop_back_alley_shop
Vaults:3: portal_desolation_entry_salt, nicolae_vaults_network_quincunx
          [nicolae_vaults_network_quincunx_subvault,
          nicolae_vaults_network_quincunx_subvault,
          nicolae_vaults_network_quincunx_subvault,
          nicolae_vaults_network_quincunx_subvault,
          nicolae_vaults_network_quincunx_subvault],
          nicolae_vaults_more_shelving_2, vaults_room_octagon,
          ontoclasm_vaults_fault, nicolae_vaults_angled_halls,
          layout_vaults_chaotic_city
Vaults:4: vaults_standard_mumra_lines, v_misc_2, ontoclasm_vaults_idyll,
          nicolae_vaults_mitosis, nicolae_vaults_little_squares_5,
          vaults_mumra_chevron_long, v_misc_26, nicolae_vaults_oozy_zoo,
          nicolae_vaults_sesquioval_fish, nicolae_vaults_circle_grid_a,
          nicolae_vaults_trapezoid_lopsided_3, layout_vaults_omnigrid
Vaults:5
Crypt:1:  layout_rooms, nicolae_letterblocks [nicolae_letter_subblock,
          nicolae_letter_subblock, nicolae_letter_subblock,
          nicolae_letter_subblock, nicolae_letter_subblock,
          nicolae_letter_subblock, nicolae_letter_subblock,
          nicolae_letter_subblock, nicolae_letter_subblock,
          nicolae_letter_subblock, nicolae_letter_subblock,
          nicolae_letter_subblock, nicolae_letter_subblock,
          nicolae_letter_subblock, nicolae_letter_subblock,
          nicolae_letter_subblock, nicolae_letter_subblock,
          nicolae_letter_subblock, nicolae_letter_subblock,
          nicolae_letter_subblock, nicolae_letter_subblock,
          nicolae_letter_subblock, nicolae_letter_subblock,
          nicolae_letter_subblock, nicolae_letter_subblock],
          grunt_crypt_arrival_webbed, uniq_xtahua
Crypt:2:  layout_gridlike, special_room [special_room_morgue]
Crypt:3:  church_of_pain_bobbens, layout_chaotic_city, tomb_entry_shell_bobbens
Tomb:1

Skill      XL: |  1  2  3  4  5  6  7  8  9 10 11 12 13 14 15 16 17 18 19 20 21 22 23 24 25 26 |
---------------+-------------------------------------------------------------------------------+-----
Dodging        | 1 2 3 4 6 8 10 11 12 13 | 13.7
Fighting       | 1 2 3 4 5 6 7 9 10 11 12 13 14 15 | 15.0
Spellcasting   | 5 6 8 9 10 11 13 14 15 16 17 19 20 21 22 23 24 25 26 | 26.1
Conjurations   | 5 6 8 9 10 11 13 14 15 16 17 19 20 21 22 23 24 25 26 | 26.1
Hexes          | 5 6 8 9 10 11 13 14 15 16 17 19 20 21 22 23 24 25 26 | 26.1
Summonings     | 5 6 8 9 10 11 13 14 15 16 17 19 20 21 22 23 24 25 26 | 26.1
Necromancy     | 5 6 8 9 10 11 13 14 15 16 17 19 20 21 22 23 24 25 26 | 26.1
Translocations | 5 6 8 9 10 11 13 14 15 16 17 19 20 21 22 23 24 25 26 | 26.1
Fire Magic     | 5 6 8 9 10 11 13 14 15 16 17 19 20 21 22 23 24 25 26 | 26.1
Ice Magic      | 5 6 8 9 10 11 13 14 15 16 17 19 20 21 22 23 24 25 26 | 26.1
Air Magic      | 5 6 8 9 10 11 13 14 15 16 17 19 20 21 22 23 24 25 26 | 26.1
Earth Magic    | 5 6 8 9 10 11 13 14 15 16 17 19 20 21 22 23 24 25 26 | 26.1
Alchemy        | 5 6 8 9 10 11 13 14 15 16 17 19 20 21 22 23 24 25 26 | 26.1
Armour         | 2 3 5 |  5.0
Invocations    | 4 6 8 10 11 12 14 15 | 15.0
Polearms       | 4 |  4.9
Axes           | 3 5 |  5.8
Shields        | 4 7 |  7.7
Maces & Flails | 3 4 |  4.3
Long Blades    | 3 6 8 |  8.9
Staves         | 3 6 8 |  8.7
Evocations     | |  2.0

Action                     |  1- 3 |  4- 6 |  7- 9 | 10-12 | 13-15 | 16-18 | 19-21 | 22-24 | 25-27 || total
---------------------------+-------+-------+-------+-------+-------+-------+-------+-------+-------++-------
  Melee: Club              |     1 |       |       |       |       |       |       |       |       ||     1
         War axe           |       |       |       |       |    50 |    45 |   106 |    22 |       ||   223
         Punch             |       |       |       |       |     2 |     2 |       |       |     1 ||     5
         Eudemon blade     |       |       |       |       |       |       |       |       |   227 ||   227
         Lajatang          |       |       |       |       |       |       |       |       |    83 ||    83
   Cast: Foxfire           |    31 |    27 |    46 |    48 |    32 |     4 |    18 |     3 |       ||   209
         Freeze            |     4 |    30 |    18 |       |     1 |     1 |       |       |       ||    54
         Stone Arrow       |     2 |    19 |    88 |   197 |   412 |   561 |   654 |   361 |   299 ||  2593
         Sting             |     1 |     3 |       |       |       |       |       |       |       ||     4
         Ozocubu's Armour  |       |     3 |     2 |     5 |    17 |    56 |   148 |    90 |    75 ||   396
         Mercury Vapours   |       |     2 |     2 |     2 |    21 |    12 |    11 |       |     1 ||    51
         Hailstorm         |       |     1 |    13 |     1 |       |       |     5 |     3 |       ||    23
         Frozen Ramparts   |       |       |     6 |     3 |     1 |       |       |       |       ||    10
         Summon Lightning  |       |       |       |    20 |    83 |    97 |   105 |    80 |    43 ||   428
         Yara's Violent Un |       |       |       |       |    24 |    19 |    35 |    97 |    18 ||   193
         Eringya's Noxious |       |       |       |       |     1 |       |     3 |     2 |       ||     6
         Jinxbite          |       |       |       |       |       |     1 |       |       |       ||     1
         Bombard           |       |       |       |       |       |    36 |    49 |   159 |    75 ||   319
         Discord           |       |       |       |       |       |       |    13 |   175 |     2 ||   190
         Ignition          |       |       |       |       |       |       |       |       |    85 ||    85
 Invoke: Divine Shield     |       |       |       |       |       |     1 |       |     1 |       ||     2
         Summon Divine War |       |       |       |       |       |     1 |       |     2 |     1 ||     4
         Cleansing Flame   |       |       |       |       |       |       |       |     2 |       ||     2
         Brand Weapon With |       |       |       |       |       |       |       |     1 |       ||     1
Ability: Evoke Blink       |       |       |       |       |     2 |     2 |       |    12 |       ||    16
  Evoke: Wand              |       |       |       |       |       |       |     1 |       |       ||     1
    Use: Scroll            |       |     1 |       |    10 |    10 |    14 |     4 |    13 |     3 ||    55
         Potion            |       |       |       |     1 |     3 |     2 |       |     2 |     3 ||    11
 Armour: Robe              |     3 |    11 |       |       |       |       |       |       |       ||    14
         Ring mail         |       |       |    26 |    29 |   128 |   224 |   359 |   276 |   388 ||  1430
  Dodge: Dodged            |    12 |    21 |    36 |    87 |   256 |   315 |   498 |   278 |   297 ||  1800
         Repelled          |       |       |       |       |     1 |    17 |    21 |       |       ||    39
  Block: Other             |       |       |       |       |       |    18 |    18 |       |    10 ||    46
         Kite shield       |       |       |       |       |       |       |   206 |   266 |   109 ||   581
         Reflection        |       |       |       |       |       |       |    32 |    39 |     1 ||    72
